 Dungeon Crawl Stone Soup version 0.29.0-4-gdea44cf6ec (webtiles) character file.

Game seed: 16058261409691266294

94 qw the Ruffian (level 4, -34/35 HPs)
             Began as a Ghoul Fire Elementalist on Aug 29, 2022.
             Annihilated by an ogre
             ... wielding a +0 giant spiked club
              (36 damage)
             ... on level 3 of the Dungeon.
             The game lasted 00:02:20 (2708 turns).

qw the Ruffian (Ghoul Fire Elementalist)            Turns: 2708, Time: 00:02:21

Health: -34/35     AC:  6    Str: 13    XL:     4   Next: 63%
Magic:  5/5        EV: 10    Int: 10    God:
Gold:   103        SH:  0    Dex:  9    Spells: 5/6 levels left

rFire   . . .      SeeInvis .     - Unarmed
rCold   + . .      Faith    .   (no shield)
rNeg    + + +      Spirit   .   d - +0 ring mail
rPois   inf        Reflect  .   (no helmet)
rElec   .          Harm     .   g - +0 cloak
rCorr   .          Rampage  .   (no gloves)
Will    .....                   (no boots)
Stlth   +.........              (no amulet)
HPRegen 0.00/turn               (no ring)
MPRegen 0.09/turn               (no ring)

@: inhibited regen
A: claws 1, cold resistance 1, negative energy resistance 3, inhibited
regeneration, torment resistance 2, devour on kill
a: no special abilities


You were on level 3 of the Dungeon.
You visited 1 branch of the dungeon, and saw 3 of its levels.

You collected 103 gold pieces.


Innate Abilities, Weirdness & Mutations

You are immune to poison.
You have sharp fingernails.
Your flesh is cold resistant. (rC+)
You are immune to negative energy. (rN+++)
You do not regenerate when monsters are visible.
You are immune to unholy pain and torment.
You thrive by killing the living.


   Skills:
 + Level 1.3 Fighting
 - Level 1.7 Dodging
 - Level 2.1 Stealth
 - Level 4.1 Unarmed Combat
 - Level 1.7 Spellcasting
 - Level 0.7 Conjurations
 - Level 2.4 Fire Magic


You had 5 spell levels left.
You knew the following spells:

 Your Spells              Type           Power      Damage    Failure   Level
a - Foxfire               Conj/Fire      16%        2x1d4     36%         1

Your spell library contained the following spells:

 Spells                   Type           Power      Damage    Failure   Level
 Scorch                   Fire           10%        2d6       36%         2
 Conjure Flame            Conj/Fire      4%         6-21      73%         3
 Inner Flame              Hex/Fire       3%         N/A       78%         3
 Flame Wave               Conj/Fire      4%         2d5       98%         4

Inventory:

Armour
 d - a +0 ring mail (worn)
 g - a +0 cloak (worn)
 m - a +0 helmet
Jewellery
 j - a ring of protection from fire
Scrolls
 b - a scroll of identify
 i - a scroll of amnesia {unknown}
Potions
 a - a potion of haste
 c - a potion of resistance
 e - a potion of cancellation {unknown}
 f - 2 potions of brilliance {unknown}
 h - 2 potions of curing
 k - 2 potions of invisibility {unknown}
 l - a potion of mutation {unknown}
 n - a potion of lignification {unknown}
 o - a potion of heal wounds {unknown}

Dungeon Overview and Level Annotations

Branches:
Dungeon (3/15)

Altars:
Cheibriados
Makhleb
Ru

Shops:
D:1 [


Message History

The goblin shoots a sling bullet.
The sling bullet hits you but does no damage.
You scratch the goblin but do no damage.
The goblin hits you with a +0 club. The goblin closely misses you.
You closely miss the goblin. You scratch the goblin.
You kill the goblin!
You feel better. The goblin barely misses you.
You barely miss the goblin. You completely miss the ogre.
The goblin hits you with a +0 club. The ogre barely misses you.
You scratch the ogre.
The ogre is lightly wounded.
The goblin hits you with a +0 club. The ogre closely misses you.
You scratch the ogre.
The ogre is lightly wounded.
The goblin hits you but does no damage.
You scratch the ogre but do no damage.
The ogre is lightly wounded.
The goblin hits you with a +0 club.
The ogre hits you with a +0 giant spiked club!!
Ouch! That really hurt!
You scratch the ogre.
The ogre is lightly wounded.
The goblin hits you but does no damage. The ogre closely misses you.
You scratch the ogre.
The ogre is moderately wounded.
The goblin hits you but does no damage.
You claw the ogre!
The ogre is severely wounded.
The ogre hits you but does no damage. The goblin hits you with a +0 club.
You scratch the ogre but do no damage.
The ogre is severely wounded.
The goblin hits you with a +0 club.
You scratch the ogre but do no damage.
The ogre is severely wounded.
The ogre hits you with a +0 giant spiked club!!!
Ouch! That really hurt!
You die...

#....#.#..#.########..#'#
#.##<.....#.#.........#.#
#.##.#.####.#.######..#.#
#.##.#... ># #..#.#
##.##.##### .# #.##.#
#.....#.### .# #.#...
#.....#...# ### #.#._.
#.....#..g#gg.#### #.#...
#.....#..@Ogg.#..# #.##.#
#.......###g.(##.# #..#.#
##.##.....######.# ##.#.#
##.##..#####.#.#.# #.#.#
#..#...........#.# #.#'#
#.#..#.........#.# #....
#...##.........#.# #####
######.........#.#
#.........#.#


You could see an ogre and 6 goblins.

Vanquished Creatures
  Robin (D:3)
  2 adders (D:2)
  A worm (D:2)
  A dart slug (D:3)
  6 endoplasms
  2 giant cockroaches (D:2)
  10 hobgoblins
  2 jackals (D:2)
  4 ball pythons
  4 bats
  3 frilled lizards
  11 goblins
  5 kobolds
  3 rats
55 creatures vanquished.

Notes
Turn   | Place    | Note
-------+----------+-------------------------------------------
     0 | D:1      | qw the Ghoul Fire Elementalist began the quest for the Orb.
     0 | D:1      | Reached XP level 1. HP: 14/14 MP: 2/2
     0 | D:1      | 0 ||| qw: Version: 0.1-a-90-g952f4b7
     0 | D:1      | 0 ||| qw: Game counter: 3735
     0 | D:1      | 0 ||| qw: Always use a shield: true
     0 | D:1      | 0 ||| qw: God list: Okawaru
     0 | D:1      | 0 ||| qw: Allow faded altars: false
     0 | D:1      | 0 ||| qw: Do Orc after D:15 true
     0 | D:1      | 0 ||| qw: Do second Lair branch before Depths: true
     0 | D:1      | 0 ||| qw: Lair rune preference: random
     0 | D:1      | 0 ||| qw: Plans: Normal
     0 | D:1      | 0 ||| PLANNING D:1-11
     3 | D:1      | Noticed a merfolk zombie
   137 | D:1      | Reached skill level 1 in Unarmed Combat
   422 | D:1      | Reached XP level 2. HP: 22/22 MP: 3/3
   424 | D:1      | Reached skill level 1 in Fighting
   655 | D:1      | Found Zifoq's Antique Armour Shoppe.
   658 | D:1      | 658 ||| Stepping ~*~*~tactically~*~*~ (stealth).
   659 | D:1      | 659 ||| Stepping ~*~*~tactically~*~*~ (stealth).
   667 | D:1      | 667 ||| Stepping ~*~*~tactically~*~*~ (stealth).
   687 | D:1      | 687 ||| SHOPLISTING faintly glowing chain mail (228 gold,
                  | have 10).
   687 | D:1      | 687 ||| SHOPLISTING glowing chain mail (180 gold, have 10).
   687 | D:1      | 687 ||| SHOPLISTING pair of gloves (108 gold, have 10).
   687 | D:1      | 687 ||| SHOPLISTING runed scarf (192 gold, have 10).
   754 | D:1      | 754 ||| Stepping ~*~*~tactically~*~*~ (stealth).
   757 | D:1      | Reached skill level 2 in Unarmed Combat
   796 | D:1      | 796 ||| Stepping ~*~*~tactically~*~*~ (stealth).
  1005 | D:1      | 1005 ||| UPGRADING to +0 leather armour.
  1015 | D:1      | 1015 ||| DROPPING +0 robe.
  1016 | D:1      | 1016 ||| UPGRADING to +0 ring mail.
  1026 | D:1      | 1026 ||| DROPPING +0 leather armour.
  1027 | D:1      | 1027 ||| READING scroll labelled WUEZIMA SOI.
  1028 | D:1      | 1028 ||| READING scroll labelled TIFOGO ROCUMEE.
  1029 | D:1      | 1029 ||| DROPPING potion of magic.
  1138 | D:2      | Found a faded altar of an unknown god.
  1209 | D:2      | Reached XP level 3. HP: 28/28 MP: 4/4
  1288 | D:2      | Found a burning altar of Makhleb.
  1356 | D:2      | Reached skill level 3 in Unarmed Combat
  1413 | D:2      | 1413 ||| Stepping ~*~*~tactically~*~*~ (stealth).
  1739 | D:2      | 1739 ||| UPGRADING to +0 cloak.
  1744 | D:2      | 1744 ||| READING scroll labelled JOIKUI ASOWKI.
  1745 | D:2      | 1745 ||| READING scroll labelled BOCAYR FAUN.
  1746 | D:2      | 1746 ||| DRINKING 2 yellow potions.
  1747 | D:2      | 1747 ||| READING 3 scrolls of identify.
  1747 | D:2      | 1747 ||| IDENTIFYING silvery potion
  1748 | D:2      | 1748 ||| READING 2 scrolls of identify.
  1748 | D:2      | 1748 ||| IDENTIFYING bubbling pink potion
  1782 | D:3      | Reached XP level 4. HP: 35/35 MP: 5/5
  1895 | D:3      | Found a sacrificial altar of Ru.
  2059 | D:3      | Noticed Robin
  2060 | D:3      | 2060 ||| Stepping ~*~*~tactically~*~*~ (outnumbered).
  2073 | D:3      | 2073 ||| Stepping ~*~*~tactically~*~*~ (outnumbered).
  2131 | D:3      | Killed Robin
  2132 | D:3      | Reached skill level 4 in Unarmed Combat
  2365 | D:3      | 2365 ||| Stepping ~*~*~tactically~*~*~ (stealth).
  2487 | D:3      | Found a snail-covered altar of Cheibriados.
  2693 | D:3      | Noticed an ogre
  2703 | D:3      | HP: 5/35 [ogre/+0 giant spiked club (25)]
  2707 | D:3      | HP: 2/35 [goblin/+0 club (1)]
  2708 | D:3      | Annihilated by an ogre

Levels and vault maps discovered:
D:1:      shiori_arrival_whats_in_store_for_you, layout_basic, serial_shops,
          shop, roderic_roman_lattice
D:2:      layout_basic, basic_altar, shapermc_ecumenical_altar_mp_ritualfount,
          chequers_mini_garden
D:3:      wander_river, layout_basic, chei_slow_surprise,
          mainiacjoe_overflow_surrounded_room, minmay_ogre_servants, uniq_robin

Skill      XL: |  1  2  3  4 |
---------------+-------------+-----
Unarmed Combat | 1 2 3 4 |  4.1
Fighting       | 1 |  1.3
Dodging        | |  1.7
Stealth        | |  2.1
Spellcasting   | |  1.7
Conjurations   | |  0.7
Fire Magic     | |  2.4

Action                   |  1- 3 |  4- 6 || total
-------------------------+-------+-------++-------
Melee: Unarmed           |   135 |    90 ||   225
       Punch             |     1 |     1 ||     2
  Use: Scroll            |     6 |       ||     6
       Potion            |     1 |       ||     1
 Stab: Sleeping          |     1 |       ||     1
Armor: Robe              |    11 |       ||    11
       Ring mail         |    24 |    25 ||    49
Dodge: Dodged            |    72 |    37 ||   109

Table legend:
 A = Non-vault XP
 B = Vault XP
 C = Vault XP percentage of total XP
 D = Non-vault monster count
 E = Vault monster count
 F = Vault count percentage of total count
                 A         B        C        D         E       F
            +---------+---------+-------+---------+---------+-------
      Total |      96 |      39 |  28.9 |      42 |      13 |  23.6
            +---------+---------+-------+---------+---------+-------
        D:1 |      29 |       0 |   0.0 |      19 |       0 |   0.0
        D:2 |      51 |       0 |   0.0 |      15 |       0 |   0.0
        D:3 |      16 |      39 |  70.9 |       8 |      13 |  61.9
            +---------+---------+-------+---------+---------+-------
